cohdb
Replays
Latest Replays
All Replays
Popular Replays
Top Player Replays
Match Explorer
How It Works
Community
CoH3 Stats
Reddit
Sign in to upload your games and track your stats! →
Sign in with Steam
Match 24837505
Unlisted
Match 24837505
Overview
Messages
Build Orders
End
Construct Section Command Post
Infantry Section
Infantry Section
Dingo Light Scout Car
Construct Platoon Command Post
Selects Indian Artillery Battlegroup
Selects Towed ML 4.2-inch Heavy Mortar
Towed ML 4.2-inch Heavy Mortar
6-pounder Anti-tank Gun Team
Unlock M3 Stuart Light Tanks
M3 Stuart Light Tank
Unlock Bishop Self-propelled Artillery
Bishop Self-propelled Artillery
Selects Off-map Airburst Barrage
Off-map Airburst Barrage
SneaKerz
Ranbs
Helenss.cn
.Hesko.
0
0
Comments
sign in to comment!
No comments posted yet!